 Dungeon Crawl Stone Soup version 0.31-a0-188-g5e087ee2ca (webtiles) character file.

Game seed: 6696670158063850904

62 qw the Shooter (level 3, -2/20 HPs)
             Began as a Deep Elf Hunter on June 23, 2023.
             Slain by an orc
             ... wielding a +0 dagger
              (3 damage)
             ... on level 3 of the Dungeon.
             The game lasted 00:00:41 (1813 turns).

qw the Shooter (Deep Elf Hunter)                    Turns: 1813, Time: 00:00:41

Health: -2/20      AC:  7    Str: 16    XL:     3   Next: 85%
Magic:  5/5        EV: 10    Int: 13    God:
Gold:   164        SH:  0    Dex: 18    Spells: 2/2 levels left

rFire   . . .        Y - +0 shortbow
rCold   . . .        (shield currently unavailable)
rNeg    . . .        d - +0 scale mail
rPois   .            (no helmet)
rElec   .            c - +0 cloak
rCorr   .            (no gloves)
SInv    .            (no boots)
Will    .....        (no amulet)
Stlth   +            i - +6 ring of strength
HPRegen 0.23/turn    (no ring)
MPRegen 0.09/turn

%: no passive effects
@: no status effects
A: no striking features
a: no special abilities


You were on level 3 of the Dungeon.
You visited 1 branch of the dungeon, and saw 3 of its levels.

You collected 164 gold pieces.


   Skills:
 - Level 1.5 Fighting
 + Level 7.3 Ranged Weapons
 - Level 2.4 Dodging
 - Level 1.2 Stealth


You had 2 spell levels left.
You didn't know any spells.
Your spell library was empty.

Inventory:

Hand Weapons
 Y - a +0 shortbow (weapon)
Armour
 c - a +0 cloak (worn)
 d - a +0 scale mail (worn)
Jewellery
 i - a +6 ring of strength (left hand)
 j - a ring of fire
Scrolls
 b - a scroll of amnesia {unknown}
Potions
 a - a potion of attraction {unknown}
 e - a potion of might {unknown}
 f - 2 potions of lignification {unknown}

Dungeon Overview and Level Annotations

Branches:
Dungeon (3/15)

Altars:
Ashenzari
Wu Jian

Shops:
D:1 :

Annotations:
D:3 Natasha


Message History

You hear a shout!
The orc hits you but does no damage. The orc priest closely misses you.
You shoot an arrow. The arrow hits the orc priest.
The orc priest is heavily wounded.
The orc barely misses you. The orc priest hits you with a +0 club.
The orc hits you with a +0 dagger.
A kobold comes into view. It is wielding a +0 dagger.
You shoot an arrow. The arrow hits the orc priest.
The orc priest is severely wounded.
The orc hits you with a +0 hand axe of freezing.
The orc freezes you. The orc hits you with a +0 dagger.
The orc priest hits you but does no damage.
The quokka barely misses you.
You shoot an arrow. The arrow hits the orc priest.
The orc priest is almost dead.
The orc hits you with a +0 hand axe of freezing.
The orc freezes you. The quokka closely misses you.
The orc hits you but does no damage. The orc priest hits you with a +0 club.
The orc priest closely misses you. The orc misses you.
The orc closely misses you. The quokka barely misses you.
You shoot an arrow.
The arrow hits the orc priest but does no damage.
The orc priest is almost dead.
The quokka bites you.
The orc hits you with a +0 hand axe of freezing.
The orc freezes you.
The orc priest hits you but does no damage.
The orc hits you but does no damage.
You shoot an arrow.
The arrow closely misses the orc priest.
The quokka bites you.
Natasha mewls in sadness.
The orc hits you but does no damage. The orc priest closely misses you.
The orc barely misses you.
The quokka bites you but does no damage.
You shoot an arrow.
The arrow hits the orc priest but does no damage.
The orc priest is almost dead.
The orc barely misses you. The orc hits you with a +0 dagger.
You die...

#. ..# #.# ##.#
.##### . . ...
...... #.#. #.#
......
....###.##......
.#...Koo........
.....ho@........
#.....r.........
................
$...............
................
................
..........######
#######.### #.#
#####


You could see an orc priest, Natasha, 2 orcs, a quokka and a kobold.

Vanquished Creatures
  An adder (D:2)
  4 dart slugs
  An endoplasm (D:1)
  2 giant cockroaches (D:1)
  5 goblins
  3 hobgoblins
  4 jackals (D:2)
  2 quokkas (D:1)
  8 bats
  3 frilled lizards (D:2)
  7 kobolds
  3 rats (D:1)
43 creatures vanquished.

Notes
Turn   | Place    | Note
-------+----------+-------------------------------------------
     0 | D:1      | qw the Deep Elf Hunter began the quest for the Orb.
     0 | D:1      | Reached XP level 1. HP: 12/12 MP: 3/3
     0 | D:1      | 0 ||| qw: Version: 0.3-a-9-g12657ce
     0 | D:1      | 0 ||| qw: Game counter: 3493
     0 | D:1      | 0 ||| qw: Always use a shield: true
     0 | D:1      | 0 ||| qw: God list: Okawaru
     0 | D:1      | 0 ||| qw: Allow faded altars: false
     0 | D:1      | 0 ||| qw: Do Orc after D:15 true
     0 | D:1      | 0 ||| qw: Do second Lair branch before Depths: true
     0 | D:1      | 0 ||| qw: Lair rune preference: random
     0 | D:1      | 0 ||| qw: Plans: Normal
     0 | D:1      | 0 ||| PLANNING D:1-11
   130 | D:1      | Found a faded altar of an unknown god.
   233 | D:1      | Reached skill level 6 in Ranged Weapons
   233 | D:1      | Reached XP level 2. HP: 8/16 MP: 4/4
   481 | D:1      | You fall into a shaft and drop 1 floor!
   548 | D:2      | 548 ||| UPGRADING to +0 scale mail.
   558 | D:2      | 558 ||| DROPPING +0 leather armour.
   559 | D:2      | 559 ||| DROPPING scroll of butterflies.
   689 | D:1      | Found Xody's Book Boutique.
   981 | D:1      | 981 ||| UPGRADING to +0 cloak.
  1078 | D:2      | Reached XP level 3. HP: 20/20 MP: 5/5
  1135 | D:2      | Reached skill level 7 in Ranged Weapons
  1469 | D:2      | Found an ornate altar of the Wu Jian Council.
  1479 | D:2      | 1479 ||| FLEEEEING.
  1631 | D:2      | 1631 ||| UPGRADING to +6 ring of strength.
  1632 | D:2      | 1632 ||| READING scroll labelled HONGIR ZEWIC.
  1633 | D:2      | 1633 ||| READING scroll labelled ENIDI KUK EGA.
  1634 | D:2      | 1634 ||| READING scroll labelled XUEH FYDEI.
  1635 | D:2      | 1635 ||| READING scroll labelled OLA NIXKUUH XOH.
  1639 | D:2      | 1639 ||| DRINKING 2 pink potions.
  1646 | D:2      | 1646 ||| DROPPING potion of ambrosia.
  1755 | D:3      | Found a broken altar of Ashenzari.
  1806 | D:3      | Noticed Natasha
  1810 | D:3      | HP: 5/20 [orc priest/+0 club (4)]
  1811 | D:3      | HP: 2/20 [orc/+0 hand axe of freezing (2)]
  1813 | D:3      | Slain by an orc

Levels and vault maps discovered:
D:1:      elethiomel_arrival_infinity_welcomes_careful_drivers, layout_basic,
          shapermc_ecumenical_altar_gd, serial_shops, shop, st_stairs_6
D:2:      layout_basic, basic_altar
D:3:      layout_basic, nicolae_ashenzari_skybound, hex_large, minivault_14,
          uniq_natasha

Skill      XL: |  1  2  3 |
---------------+----------+-----
Ranged Weapons | 6 7 |  7.3
Fighting       | |  1.5
Dodging        | |  2.4
Stealth        | |  1.2

Action                     || total
---------------------------++-------
   Fire: Shortbow          ||   141
    Use: Scroll            ||     4
         Potion            ||     1
 Armour: Leather armour    ||     2
         Scale mail        ||    42
  Dodge: Dodged            ||    58

Table legend:
 A = Non-vault XP
 B = Vault XP
 C = Vault XP percentage of total XP
 D = Non-vault monster count
 E = Vault monster count
 F = Vault count percentage of total count
                 A         B        C        D         E       F
            +---------+---------+-------+---------+---------+-------
      Total |      88 |       1 |   1.1 |      42 |       1 |   2.3
            +---------+---------+-------+---------+---------+-------
        D:1 |      33 |       1 |   2.9 |      18 |       1 |   5.3
        D:2 |      52 |       0 |   0.0 |      22 |       0 |   0.0
        D:3 |       3 |       0 |   0.0 |       2 |       0 |   0.0
            +---------+---------+-------+---------+---------+-------
